Map: Lightshade LE

Players

PtitDrogo

  • Race: Protoss Protoss
  • Spawn Location: 11:00

GOStephano (Stephano) - Winner!

  • Race: Zerg Zerg
  • League: Grandmaster
  • Spawn Location: 5:00

Event: DreamHack SC2 Masters 2020 Winter

VOD

Have the link to the VOD?

Description

Time

  • Played on: Oct. 25, 2020, 2:31 p.m.
  • Length: 13:33

All games in this series

Show
View Real Time Build Order
Export as new Build Order

PtitDrogo Protoss 

Build Orders: 1 Gate Expand, Archon Immortal, Mass Adepts 

Get SALT Encoding   

  12  0:00  Probe  
  13  0:14  Pylon  
  13  0:17  Probe (Chrono Boost)  
  14  0:27  Probe (Chrono Boost)  
  15  0:32  Probe (Chrono Boost)  
  16  0:41  Gateway  
  16  0:44  Probe  
  17  0:51  Assimilator  
  17  0:56  Probe  
  18  1:08  Probe  
  19  1:20  Probe  
  20  1:27  Nexus  
  20  1:35  Cybernetics Core  
  20  1:38  Probe  
  21  1:43  Assimilator  
  21  1:50  Probe  
  22  1:55  Pylon  
  22  2:03  Probe  
  23  2:11  Adept (Chrono Boost)  
  23  2:12  Warp Gate  
  26  2:15  Probe  
  26  2:24  Twilight Council  
  26  2:27  Probe  
  27  2:31  Adept (Chrono Boost)  
  29  2:39  Probe (Chrono Boost)  
  31  2:45  Probe (Chrono Boost)  
  31  2:49  Probe (Chrono Boost)  
  32  2:53  Stalker, Probe (Chrono Boost)  
  36  3:01  Robotics Facility  
  36  3:04  Probe  
  37  3:06  Gateway  
  37  3:09  Probe  
  37  3:15  Resonating Glaives (Chrono Boost)  
  37  3:17  Probe  
  38  3:21  Probe  
  39  3:31  Probe  
  39  3:33  Gateway, Probe  
  39  3:34  Gateway  
  41  3:37  Pylon  
  41  3:43  Probe  
  41  3:45  Warp Prism (Chrono Boost)  
  42  3:50  Probe  
  42  3:55  Probe  
  46  4:00  Adept x2  
  50  4:03  Pylon  
  50  4:04  Probe  
  51  4:14  Observer  
  51  4:15  Assimilator  
  52  4:18  Probe x2  
  52  4:20  Pylon  
  54  4:29  Adept x4  
  62  4:38  Probe x2  
  62  4:41  Assimilator, Pylon  
  60  4:57  Adept x4  
  60  5:02  Charge, Probe  
  57  5:11  Probe, Immortal (Chrono Boost)  
  62  5:14  Probe  
  62  5:16  Forge  
  63  5:23  Adept x2, Probe  
  63  5:25  Adept  
  70  5:34  Sentry  
  72  5:36  Probe x2  
  72  5:48  Adept x3, Probe  
  74  5:51  Probe  
  74  5:54  Protoss Ground Weapons Level 1 (Chrono Boost)  
  75  5:59  Immortal  
  75  6:00  Probe  
  78  6:07  Pylon  
  78  6:15  Nexus  
  78  6:23  Probe  
  77  6:29  Probe  
  77  6:32  Gateway, Templar Archives  
  78  6:35  Probe  
  78  6:36  Pylon  
  78  6:37  Gateway  
  79  6:40  Gateway  
  79  6:43  Gateway  
  79  6:44  Probe  
  80  6:47  Probe  
  81  6:56  Probe  
  81  6:59  Probe  
  83  7:05  Shield Battery  
  87  7:08  Probe  
  87  7:09  High Templar x3  
  87  7:10  High Templar  
  87  7:11  Probe  
  87  7:14  Archon x2  
  93  7:21  Probe  
  93  7:22  Pylon  
  94  7:26  Assimilator  
  94  7:27  Probe  
  95  7:31  Assimilator  
  95  7:33  Probe  
  95  7:34  High Templar x2  
  95  7:36  Immortal (Chrono Boost)  
  95  7:37  Probe  
  101  7:38  Archon  
  101  7:39  Probe  
  101  7:41  Zealot x4  
  101  7:43  Pylon  
  114  7:45  Probe  
  114  7:47  Pylon  
  113  7:51  Probe  
  113  7:53  Photon Cannon  
  113  7:54  Protoss Ground Weapons Level 2 (Chrono Boost)  
  114  8:00  Probe  
  115  8:05  Immortal (Chrono Boost)  
  115  8:10  Zealot x4  
  123  8:21  High Templar x2  
  123  8:22  Zealot x2  
  123  8:25  Archon, Shield Battery  
  131  8:31  Gateway  
  131  8:32  Pylon  
  129  8:34  Pylon  
  129  8:35  Gateway  
  129  8:38  High Templar x2  
  133  8:42  Archon  
  133  8:54  Pylon  
  117  9:00  Zealot x3  
  117  9:01  Zealot x2  
  109  9:10  Zealot x3  
  105  9:27  Zealot x6  
  109  9:36  High Templar x2  
  109  9:37  Zealot, Immortal (Chrono Boost)  
  117  9:40  Archon  
  113  9:47  High Templar x3  
  113  9:48  High Templar, Zealot x2  
  113  9:50  Zealot  
  113  9:51  Archon x2  
  127  9:55  Nexus  
  127  9:58  Zealot  
  129  10:09  Zealot x4  
  129  10:15  Probe  
  129  10:17  Protoss Ground Weapons Level 3 (Chrono Boost)  
  129  10:18  Pylon, Probe  
  123  10:28  High Templar x3, Probe x2  
  113  10:29  High Templar, Sentry  
  113  10:30  Zealot x5  
  131  10:36  Archon x2  
  131  10:48  Immortal (Chrono Boost)  
  133  11:05  High Templar  
  133  11:06  High Templar, Zealot x7  
  133  11:07  Zealot  
  153  11:12  Archon  
  153  11:18  Probe  
  152  11:19  Assimilator  
  152  11:20  Immortal  
  152  11:21  Assimilator  
  152  11:25  Photon Cannon, Shield Battery  
  154  11:26  Zealot x2  
  154  11:27  Zealot x3  
  156  11:36  Probe  
  139  11:41  High Templar x4  
  139  11:44  Probe  
  139  11:46  Archon x2  
  139  11:47  Probe  
  129  12:14  Immortal  
  115  12:22  Zealot x2  
  115  12:23  Zealot x8  
  109  12:41  Nexus  
  109  12:46  High Templar x2  
  109  12:47  High Templar x2  
  109  12:48  Sentry  
  109  12:49  Zealot x5  
  129  12:51  Archon  
  129  12:52  Archon  
  129  12:54  Immortal  
  127  13:10  Zealot x4  
  127  13:11  Zealot  
  116  13:18  Zealot x2  
  97  13:23  Zealot  
Show
View Real Time Build Order
Export as new Build Order

GOStephano Zerg - Winner!

Build Orders: Hatch First, Swarm Host 

Get SALT Encoding   

  12  0:00  Drone  
  13  0:12  Overlord  
  13  0:17  Drone  
  14  0:30  Drone x2  
  16  0:50  Drone  
  16  0:51  Hatchery  
  16  0:54  Drone  
  17  0:57  Drone  
  18  1:07  Extractor  
  17  1:13  Spawning Pool  
  17  1:17  Drone  
  17  1:20  Drone  
  18  1:28  Drone  
  19  1:38  Drone  
  20  1:49  Drone  
  21  2:00  Zergling x2  
  22  2:02  Queen x2  
  22  2:03  Drone  
  27  2:10  Overlord  
  27  2:13  Drone  
  28  2:24  Metabolic Boost  
  28  2:30  Hatchery  
  28  2:33  Drone  
  28  2:34  Zergling x2  
  28  2:37  Drone  
  30  2:42  Queen  
  32  2:46  Zergling x2  
  32  2:49  Overlord  
  33  2:52  Drone  
  34  3:00  Drone x2  
  37  3:12  Drone  
  37  3:13  Drone x4  
  37  3:19  Queen, Overlord  
  43  3:23  Drone  
  44  3:29  Overlord  
  44  3:33  Drone, Spore Crawler  
  45  3:43  Drone x2  
  45  3:46  Drone  
  45  3:47  Drone x3  
  51  3:50  Drone x3  
  54  3:56  Roach Warren  
  54  3:58  Overlord  
  54  4:00  Queen  
  55  4:04  Overlord  
  55  4:07  Overlord  
  55  4:11  Zergling x6  
  55  4:16  Zergling x2  
  58  4:17  Zergling x4  
  58  4:20  Spine Crawler  
  58  4:21  Zergling x2  
  58  4:22  Zergling x2  
  58  4:23  Zergling x2  
  62  4:26  Zergling x4  
  64  4:33  Zergling x8  
  64  4:37  Lair  
  68  4:40  Roach  
  70  4:49  Roach x3  
  69  4:54  Spore Crawler  
  65  5:01  Zergling x10  
  65  5:05  Drone  
  70  5:07  Evolution Chamber  
  70  5:11  Drone x2  
  70  5:12  Drone x2  
  72  5:14  Drone x4  
  72  5:16  Drone  
  77  5:24  Overlord  
  77  5:25  Drone x2  
  77  5:26  Drone x2, Extractor  
  80  5:29  Extractor  
  80  5:33  Roach  
  80  5:34  Overlord x2  
  81  5:41  Overlord  
  77  5:46  Zerg Missile Weapons Level 1, Glial Reconstitution  
  75  5:57  Drone x2  
  75  5:59  Drone x3  
  75  6:00  Overseer  
  80  6:09  Drone x3  
  80  6:11  Roach  
  85  6:12  Overlord  
  85  6:13  Extractor, Zergling x12  
  85  6:14  Extractor  
  86  6:28  Drone x2  
  86  6:30  Drone x5, Extractor  
  86  6:31  Infestation Pit  
  91  6:44  Drone  
  92  6:50  Roach x9  
  92  6:51  Roach  
  110  7:02  Drone x3  
  110  7:03  Overlord x2  
  113  7:12  Overlord  
  113  7:17  Hatchery  
  113  7:19  Swarm Host x3  
  113  7:21  Overlord x3  
  113  7:22  Overlord  
  121  7:34  Swarm Host x6  
  139  7:43  Swarm Host x2  
  144  7:47  Overlord  
  144  7:50  Swarm Host x2  
  148  7:59  Swarm Host  
  148  8:00  Swarm Host  
  148  8:01  Overlord  
  148  8:02  Overlord  
  153  8:07  Overlord x2  
  153  8:08  Overlord x2  
  153  8:10  Zerg Missile Weapons Level 2  
  153  8:12  Zergling x14  
  160  8:24  Zergling x14  
  167  8:31  Ravager  
  167  8:32  Ravager x4  
  172  8:34  Overseer  
  172  8:36  Queen x2  
  172  8:37  Queen  
  178  8:41  Zergling x8  
  180  8:56  Zergling x22  
  180  9:02  Roach  
  184  9:03  Roach x2  
  167  9:10  Roach  
  167  9:11  Roach x3  
  170  9:18  Roach x4  
  170  9:22  Roach x2  
  170  9:23  Roach  
  165  9:26  Roach  
  148  9:33  Roach x4  
  156  9:52  Roach x9  
  174  10:02  Roach  
  174  10:03  Roach x4  
  182  10:11  Roach x4  
  186  10:18  Roach x3  
  186  10:19  Roach  
  186  10:28  Drone x7  
  192  10:32  Ravager  
  192  10:33  Ravager x6  
  199  10:45  Overlord  
  199  10:48  Extractor  
  199  10:49  Extractor  
  196  11:19  Spine Crawler  
  196  11:21  Roach x2  
  199  11:32  Roach  
  192  11:41  Roach x5  
  192  11:53  Overlord x4  
  184  11:57  Overlord  
  184  11:58  Overlord x2  
  184  11:59  Overlord x3  
  168  12:05  Roach  
  168  12:06  Roach x2  
  151  12:16  Roach x5  
  155  12:27  Roach x3  
  155  12:31  Zergling x2  
  155  12:32  Zergling x4  
  155  12:36  Hatchery  
  157  12:40  Ravager  
  157  12:41  Ravager  
  159  12:45  Hatchery  
  159  12:50  Roach x2  
  138  13:14  Roach x2  
Tags
 
Add a new tag
Caveats
  • Supply blocks, unpowered buildings, or Contaminate may cause inaccurate times.
  • Supply counts are checked every 10 seconds.